 Dungeon Crawl Stone Soup version 0.28-a0-657-g71136c5590 (webtiles) character file.

Game seed: 2952264499077342824

117 Johnny the Chiller (level 4, -5/37 HPs)
             Began as a Draconian Ice Elementalist on Oct 13, 2021.
             Slain by an ogre (26 damage)
             ... on level 4 of the Dungeon.
             The game lasted 00:02:31 (3114 turns).

Johnny the Chiller (Draconian Ice Elementalist)     Turns: 3114, Time: 00:02:31

Health: -5/37      AC: 13    Str: 11    XL:     4   Next: 71%
Magic:  0/8        EV: 12    Int: 16    God:
Gold:   118        SH:  0    Dex: 11    Spells: 2/9 levels left

rFire   . . .      SeeInvis .   l - +1 mace (protect)
rCold   . . .      Faith    .   (no shield)
rNeg    + . .      Spirit   .   (armour unavailable)
rPois   .          Reflect  .   f - +2 hat
rElec   .          Harm     .   (no cloak)
rCorr   .          Rampage  .   (no gloves)
Will    .....                   (no boots)
Stlth   ++........              (no amulet)
HPRegen 0.12/turn               i - ring of positive energy
MPRegen 0.11/turn               (no ring)

@: ice-armoured, freezing walls
A: AC +5, unfitting armour, cold-blooded
a: no special abilities


You were on level 4 of the Dungeon.
You visited 1 branch of the dungeon, and saw 4 of its levels.

You collected 118 gold pieces.

Inventory:

Hand Weapons
 l - a +1 mace of protection (weapon)
Armour
 f - a +2 hat (worn)
Jewellery
 i - a ring of positive energy (left hand)
Scrolls
 c - 3 scrolls of identify {unknown}
 h - a scroll of teleportation {unknown}
 j - a scroll of enchant armour {unknown}
Potions
 a - a potion of flight {unknown}
 b - 2 potions of magic {unknown}
 d - a potion of degeneration {unknown}
 g - a potion of heal wounds {unknown}


   Skills:
 + Level 2.6 Fighting
 - Level 1.7 Dodging
 - Level 1.7 Stealth
 + Level 3.1 Spellcasting
 + Level 4.7 Ice Magic


You had 2 spell levels left.
You knew the following spells:

 Your Spells              Type           Power      Damage    Failure   Level
a - Freeze                Ice            68%        1d8       2%          1
b - Frozen Ramparts       Ice            34%        1d5       8%          3
c - Ozocubu's Armour      Ice            17%        N/A       8%          3

Your spell library contained the following spells:

 Spells                   Type           Power      Damage    Failure   Level
 Hailstorm                Conj/Ice       10%        3d5       56%         4


Dungeon Overview and Level Annotations

Branches:
Dungeon (4/15)
 Temple: D:4-7

Altars:


Innate Abilities, Weirdness & Mutations

Your plain brown scales are hard. (AC +5)
You cannot fit into any form of body armour.
You are cold-blooded and may be slowed by cold attacks.


Message History

You hit the ogre.
Your tail-slap misses the ogre.
The ogre is moderately wounded.
The ogre hits you with a +0 giant spiked club.
You hit the ogre.
The ogre is moderately wounded.
The ogre closely misses you.
You barely miss the ogre.
The ogre is moderately wounded.
The ogre misses you.
You completely miss the ogre.
The ogre is moderately wounded.
The ogre barely misses you.
An ogre is nearby!
Casting: Frozen Ramparts (dangerous; 8% risk of failure)
Confirm with . or Enter, or press ? or * to list all spells.
A film of ice covers your body! The ogre barely misses you.
Casting: Ozocubu's Armour (dangerous; 8% risk of failure)
Confirm with . or Enter, or press ? or * to list all spells.
Casting: Frozen Ramparts (dangerous; 8% risk of failure)
Press: ? - help, Dir - look around, f - activate The walls around you are covered in ice.
The wall freezes the ogre.
The ogre hits you but does no damage.
Casting: Frozen Ramparts (dangerous; 8% risk of failure)
Confirm with . or Enter, or press ? or * to list all spells.
Aiming: Freeze (safe; 2% risk of failure)
Press: ? - help, Shift-Dir - straight line, f - ogre
Aim: an ogre, wielding a +0 giant spiked club (moderately wounded)
You freeze the ogre!
The ogre is severely wounded.
Casting: Freeze (safe; 2% risk of failure)
Confirm with . or Enter, or press ? or * to list all spells.
Aiming: Freeze (safe; 2% risk of failure)
Press: ? - help, Shift-Dir - straight line, f/p - ogre
Aim: an ogre, wielding a +0 giant spiked club (severely wounded)
You freeze the ogre.
The ogre is severely wounded.
The wall freezes the ogre.
The ogre hits you with a +0 giant spiked club!!
Ouch! That really hurt!
You die...

#. # #. #.#. .#.## ######
...# #..... #..# #..... #O.#
#..... #.@## ######..... .
######...## #....'..... ...
+....#....# #.####.....
.....####.###..####.#####...#
.............................
.#'######'####.####.####....#
#.)...#..###.# #....#
#.....#......# #....#
#.....##.##### #....#


You could see an ogre.

Vanquished Creatures
  A hound skeleton (D:4)
  An adder (D:2)
  4 worms
  5 dart slugs
  9 orcs
  8 ball pythons
  7 bats
  2 endoplasms
  4 giant cockroaches
  3 hobgoblins
  4 jackals (D:2)
  A quokka (D:2)
  5 frilled lizards
  3 goblins
  6 kobolds
  5 rats
68 creatures vanquished.

Notes
Turn   | Place    | Note
-------+----------+-------------------------------------------
     0 | D:1      | Johnny the Draconian Ice Elementalist began the quest for
                  | the Orb.
     0 | D:1      | Reached XP level 1. HP: 14/14 MP: 3/3
   562 | D:1      | Reached XP level 2. HP: 22/22 MP: 5/5
   581 | D:1      | Reached skill level 1 in Fighting
  1416 | D:2      | Reached XP level 3. HP: 25/28 MP: 6/6
  1944 | D:2      | Found a faded altar of an unknown god.
  2260 | D:2      | Reached XP level 4. HP: 35/36 MP: 2/8
  2867 | D:4      | Learned a level 3 spell: Frozen Ramparts
  2871 | D:4      | Learned a level 3 spell: Ozocubu's Armour
  3101 | D:4      | Noticed an ogre
  3114 | D:4      | Slain by an ogre

Illustrated notes

Levels and vault maps discovered:
D:1:      dpeg_arrival_triangle_fractal, layout_basic
D:2:      layout_basic, chequers_ecumenical_altar_simple_redux
D:3:      layout_basic, lemuel_doored_altar, cheibrodos_gnoll_hut
D:4:      layout_basic

Skill      XL: |  1  2  3  4 |
---------------+-------------+-----
Fighting       | 1 2 |  2.6
Spellcasting   | 3 |  3.1
Dodging        | |  1.7
Stealth        | |  1.7
Ice Magic      | |  4.7

Action                   |  1- 3 |  4- 6 || total
-------------------------+-------+-------++-------
Melee: Unarmed           |    71 |       ||    71
       Tailslap          |     9 |     7 ||    16
       Short sword       |    65 |    47 ||   112
       Mace              |       |     9 ||     9
 Cast: Freeze            |    30 |     6 ||    36
       Frozen Ramparts   |       |     3 ||     3
       Ozocubu's Armour  |       |     1 ||     1
 Stab: Sleeping          |     4 |       ||     4
Armor: Skin              |    37 |    43 ||    80
Dodge: Dodged            |   101 |    74 ||   175

Table legend: (Time is in decaauts)
 A = Elapsed time spent in this place.
 B = Non-inter-level travel time spent in this place.
 C = Inter-level travel time spent in this place.
 D = Time resting spent in this place.
 E = Time spent auto-exploring this place.
 F = Levels seen in this place.
 G = Mean time per level.
                   A        B        C        D        E       F      G
               +--------+--------+--------+--------+--------+-----+--------+
         Total |   3126 |   3065 |     61 |    637 |   1870 |   4 |  781.5 |
       Dungeon |   3126 |   3065 |     61 |    637 |   1870 |   4 |  781.5 |
               +--------+--------+--------+--------+--------+-----+--------+

Top non-repeatable levels by time:
     D:1: 1410 daAuts
     D:2: 1026 daAuts
     D:4: 491 daAuts
     D:3: 196 daAuts
